 Dungeon Crawl Stone Soup version 0.28.0 (webtiles) character file.

Game seed: 3987006692914725517

291 Akaron the Digger (level 6, -1/36 HPs)
             Began as an Octopode Earth Elementalist on Feb 6, 2022.
             Killed from afar by an orc wizard (9 damage)
             ... with a magic dart
             ... on level 3 of the Dungeon.
             The game lasted 00:11:20 (3829 turns).

Akaron the Digger (Octopode Earth Elementalist)     Turns: 3829, Time: 00:11:21

Health: -1/36      AC:  1    Str:  7    XL:     6   Next: 32%
Magic:  20/20      EV: 13    Int: 19    God:
Gold:   188        SH:  0    Dex: 13    Spells: 6/12 levels left

rFire   . . .      SeeInvis .   t - staff of conjuration
rCold   . . .      Faith    .   (no shield)
rNeg    . . .      Spirit   .   (helmet restricted)
rPois   .          Reflect  .   e - amulet of magic regeneration
rElec   .          Harm     .   o - ring of magical power
rCorr   .          Rampage  .   (no ring)
Will    .....                   (no ring)
Stlth   +++.......              (no ring)
HPRegen 0.12/turn               (no ring)
MPRegen 0.57/turn               (no ring)
                                (no ring)
                                (no ring)

@: no status effects
A: almost no armour, amphibious, 8 rings, camouflage 1, gelatinous body 1,
(nimble swimmer 1), tentacles
a: no special abilities


You were on level 3 of the Dungeon.
You visited 1 branch of the dungeon, and saw 5 of its levels.

You collected 188 gold pieces.

Inventory:

Hand Weapons
 h - a +0 short sword of protection
Missiles
 b - 70 stones (quivered)
Armour
 n - a +0 tower shield
Magical Staves
 t - a staff of conjuration (weapon)
Jewellery
 e - an amulet of magic regeneration (around mantle)
 o - a ring of magical power (left tentacle)
Scrolls
 c - 3 scrolls of identify
 d - a scroll of magic mapping {unknown}
 f - a scroll of amnesia {unknown}
 i - a scroll of teleportation {unknown}
 l - a scroll of summoning {unknown}
 m - a scroll of fog {unknown}
 r - a scroll of blinking {unknown}
Potions
 a - a potion of mutation
 g - 2 potions of brilliance
 j - a potion of might {unknown}
 k - a potion of attraction {unknown}
 p - a potion of heal wounds {unknown}
 q - a potion of berserk rage {unknown}
 s - a potion of curing {unknown}


   Skills:
 + Level 0.2 Fighting
 + Level 0.6 Short Blades
 + Level 0.1 Throwing
 + Level 2.2 Dodging
 - Level 2.6 Stealth
 + Level 3.8 Spellcasting
 * Level 2.0 Conjurations
 + Level 1.0 Transmutations
 + Level 5.0 Earth Magic


You had 6 spell levels left.
You knew the following spells:

 Your Spells              Type           Power      Damage    Failure   Level
a - Sandblast             Erth           44%        2d11      1%          1
b - Passwall              Tmut/Erth      12%        N/A       6%          2
c - Stone Arrow           Conj/Erth      50%        3d10      10%         3

Your spell library contained the following spells:

 Spells                   Type           Power      Damage    Failure   Level
 Freeze                   Ice            12%        1d4       14%         1
 Ensorcelled Hibernation  Hex/Ice        6%         N/A       22%         2
 Spider Form              Tmut/Pois      5%         N/A       34%         3
 Frozen Ramparts          Ice            6%         1d2       38%         3
 Petrify                  Tmut/Erth      15%        N/A       38%         4
 Hailstorm                Conj/Ice       11%        3d5       67%         4
 Anguish                  Hex/Necr       1%         N/A       80%         4


Dungeon Overview and Level Annotations

Branches:
Dungeon (5/15)
 Temple: D:4-7

Altars:

Annotations:
D:4 Grinder, Sigmund


Innate Abilities, Weirdness & Mutations

You cannot wear most types of armour.
You are amphibious.
You can wear up to eight rings at the same time.
Your skin changes colour to match your surroundings (Stealth+).
Your rubbery body absorbs attacks. (AC +1, EV +1)
((You are camouflaged when in or above water. (Stealth+)))
You have tentacles for arms and can constrict up to eight enemies at once.


Message History

The stone hits the orc wizard but does no damage.
You throw a stone.
The stone hits the orc wizard but does no damage.
The orc wizard gestures at you while chanting.
You are confused.
You throw a stone.
The orc wizard gestures at you while chanting.
The puff of flame hits you!
You're too confused to move!
The orc wizard hits you with a +0 dagger.
The orc wizard closely misses you.
You feel less confused.
You hit the orc wizard but do no damage.
Your grab misses the orc wizard.
You squeeze the orc wizard, but do no damage.
The orc wizard points at you and mumbles some strange words.
The puff of flame misses you.
You hit the orc wizard but do no damage.
You grab the orc wizard.
You constrict the orc wizard, but do no damage.
The orc wizard points at you and mumbles some strange words.
The magic dart hits you.
You hit the orc wizard but do no damage.
You squeeze the orc wizard, but do no damage.
You constrict the orc wizard.
The orc wizard mumbles some strange words.
The orc wizard flickers and vanishes!
Deactivating autopickup; reactivate with Ctrl-A.
You hit something but do no damage. You constrict something.
Something hits you. x2
You barely miss something.
Your tentacle-slap misses something.
You constrict something. Something completely misses you.
You release your grip on something.
You hear some strange, mumbled words.
A magic dart appears from out of thin air!
The magic dart hits you!
* * * LOW HITPOINT WARNING * * *
A magic dart appears from out of thin air!
The magic dart hits you!
You die...

#########..#############.#.#
#....# #.....# ####.#.#### #.##.#
#...#.# #.........#
#.##.####.#.#.#######.........###
................................>
....#####.#..#####(###........###
.............(.....(..........# #
..............................# #
............#...@.............###
............#[....{...###......##
#.#.........#.........# #......##
.....[......#.........# #........
.......)....#.........# #...>..##
............#.........# #......#
.......######.........# #..o...#
.......# ###.......# #......#
.......# ######......# #.)....#


There were no monsters in sight!

Vanquished Creatures
  A scorpion (D:5)
  A water moccasin skeleton (D:5)
  A jelly (D:5)
  3 gnolls (D:3)
  5 adders (D:3)
  A dart slug (D:2)
  8 orcs
  7 endoplasms
  2 giant cockroaches
  7 goblins
  5 hobgoblins
  5 jackals
  6 kobolds
  3 ball pythons
  3 bats
  3 frilled lizards
  6 rats
67 creatures vanquished.

Notes
Turn   | Place    | Note
-------+----------+-------------------------------------------
     0 | D:1      | Akaron the Octopode Earth Elementalist began the quest for
                  | the Orb.
     0 | D:1      | Reached XP level 1. HP: 11/11 MP: 3/3
   182 | D:1      | Found a faded altar of an unknown god.
   223 | D:1      | Reached XP level 2. HP: 17/17 MP: 1/5
   971 | D:2      | Reached XP level 3. HP: 21/21 MP: 2/6
  1675 | D:3      | Learned a level 2 spell: Passwall
  1679 | D:3      | Learned a level 3 spell: Stone Arrow
  1728 | D:3      | Reached skill level 1 in Conjurations
  1857 | D:3      | Reached XP level 4. HP: 27/27 MP: 3/8
  1911 | D:3      | Reached skill level 4 in Earth Magic
  2273 | D:3      | Reached XP level 5. HP: 29/31 MP: 3/9
  2764 | D:4      | Noticed Grinder
  2793 | D:4      | Noticed Sigmund
  2829 | D:5      | Entered Level 5 of the Dungeon
  3062 | D:5      | Reached XP level 6. HP: 15/36 MP: 11/11
  3273 | D:5      | Reached skill level 5 in Earth Magic
  3829 | D:3      | Killed from afar by an orc wizard

Illustrated notes

Levels and vault maps discovered:
D:1:      lightli_arrival_chessboard, layout_rooms,
          chequers_ecumenical_altar_island, minmay_tetromino_l4
D:2:      layout_basic, bh_walls_and_bars
D:3:      layout_basic
D:4:      layout_gridville, uniq_grinder, uniq_sigmund
D:5:      layout_rooms

Skill      XL: |  1  2  3  4  5  6 |
---------------+-------------------+-----
Conjurations   | 1 2 |  2.0
Earth Magic    | 4 5 |  5.0
Spellcasting   | 3 |  3.8
Fighting       | |  0.2
Short Blades   | |  0.6
Throwing       | |  0.1
Dodging        | |  2.2
Stealth        | |  2.6
Transmutations | |  1.0

Action                   |  1- 3 |  4- 6 || total
-------------------------+-------+-------++-------
Melee: Dagger            |     9 |       ||     9
       Constrict         |     3 |     8 ||    11
       Tentacles         |     3 |     8 ||    11
       Punch             |     1 |     2 ||     3
       Short sword       |     4 |    16 ||    20
       Staff             |       |     5 ||     5
Throw: Stone             |       |    23 ||    23
 Cast: Sandblast         |    56 |    33 ||    89
       Stone Arrow       |       |     2 ||     2
  Use: Scroll            |       |     2 ||     2
Armor: Skin              |       |     8 ||     8
Dodge: Dodged            |    12 |    35 ||    47
